AoeStats
← Not enough wood, Milord

Arabia

509648693Analyzed
3v3 RM · 4d ago on Sep 27, 2026· 61m 30s· 6 players
Game mode
Random Map
Map size
Normal (6 player)
Population
200
Speed
Normal
Resources
Standard
Victory
Conquest
Starting age
Dark Age
Ending age
Imperial Age
RankedLock teamsTeams togetherTeam positionsShared explorationLock speedFull tech treeHidden civsTurbo modeCheats
Victory
Defeat
1215
+13
🇳🇴 Magyars · Norway
1151
+15
🇳🇴 Muisca · Norway
1109
+17
🇨🇱 Mongols · Chile
1249
-19
🇨🇱 Franks · Chile
1237
-18
🇪🇸 Britons · Spain
934
-8
misspandemia
2:15 Loom
9:37 Feudal Age
16:59 Forging
22:31 Castle Age
21:53 Man-at-Arms
22:38 Scale Mail Armor
23:13 Gambesons
25:07 Iron Casting
24:00 Long Swordsman
26:50 Double-Bit Axe
28:31 Chain Mail Armor
30:47 Bow Saw
30:18 Pikeman
31:00 Squires
32:36 Elite Skirmisher
38:47 Fletching
41:02 Wheelbarrow
41:26 Gold Mining
45:12 Imperial Age
43:52 Scale Barding Armor
43:53 Husbandry
44:38 Gold Shaft Mining
45:00 Hand Cart
44:32 Town Watch
45:44 Chain Barding Armor
47:21 Blast Furnace
45:44 Cavalier
47:51 Plate Barding Armor
48:04 Stone Mining
48:43 Town Patrol
50:10 Bodkin Arrow
50:49 Padded Archer Armor
51:38 Paladin
56:44 Ballistics
56:20 Murder Holes
57:26 Chemistry
PorotosConRiendas
6:27 Loom
8:13 Feudal Age
9:38 Double-Bit Axe
10:08 Horse Collar
16:50 Forging
18:03 Scale Barding Armor
19:30 Wheelbarrow
19:29 Bloodlines
22:52 Castle Age
22:01 Gold Mining
22:56 Light Cavalry
23:06 Light Cavalry
23:46 Husbandry
24:25 Iron Casting
24:29 Husbandry
25:10 Bow Saw
28:36 Chain Barding Armor
36:26 Fletching
41:00 Imperial Age
39:25 Bodkin Arrow
40:55 Cavalier
43:10 Blast Furnace
42:31 Town Watch
43:05 Hand Cart
42:56 Bracer
51:15 Conscription
50:41 Heavy Camel Rider
Lucuman
6:53 Loom
10:35 Feudal Age
14:59 Castle Age
13:06 Horse Collar
13:13 Double-Bit Axe
19:33 Bow Saw
21:43 Fletching
24:53 Padded Archer Armor
26:01 Wheelbarrow
26:51 Town Watch
27:23 Leather Archer Armor
27:35 Bodkin Arrow
32:39 Heavy Plow
36:45 Ballistics
36:36 Masonry
36:23 Guard Tower
37:16 Treadmill Crane
37:41 Gold Mining
37:37 Light Cavalry
40:10 Devotion
40:26 Stone Mining
41:17 Gold Shaft Mining
44:43 Imperial Age
43:14 Yeomen
44:57 Forging
44:53 Scale Barding Armor
44:54 Husbandry
45:58 Hand Cart
45:43 Town Patrol
45:21 Crossbowman
46:34 Murder Holes
46:51 Cranequins
49:36 Two-Man Saw
48:11 Arbalester
60:59 Elite Skirmisher
cnu
10:05 Feudal Age
8:24 Loom
10:53 Double-Bit Axe
14:12 Forging
14:02 Scale Mail Armor
15:18 Horse Collar
22:36 Fletching
27:06 Castle Age
26:03 Padded Archer Armor
26:35 Gold Mining
27:14 Crossbowman
28:38 Iron Casting
28:18 Chain Mail Armor
28:01 Bodkin Arrow
28:44 Thumb Ring
34:46 Town Watch
35:36 Wheelbarrow
35:14 Bow Saw
35:25 Squires
35:44 Chain Mail Armor
43:04 Gold Shaft Mining
42:24 Stone Mining
46:28 Heavy Plow
50:11 Imperial Age
48:47 Herbalism
50:20 Leather Archer Armor
51:19 Conscription
50:27 Elite Temple Guard
50:31 Arbalester
54:36 Chemistry
53:56 Ballistics
53:48 Masonry
54:36 Treadmill Crane
56:06 Two-Man Saw
55:07 Heavy Plow
62:23 Coinage
PeaceRich
7:37 Loom
10:09 Feudal Age
10:51 Double-Bit Axe
11:53 Scale Barding Armor
21:23 Castle Age
19:56 Fletching
20:20 Padded Archer Armor
20:45 Gold Mining
21:14 Bloodlines
23:54 Husbandry
25:48 Gold Shaft Mining
26:08 Wheelbarrow
25:21 Town Watch
34:09 Chain Barding Armor
35:07 Bow Saw
35:51 Horse Collar
36:44 Stone Mining
42:55 Imperial Age
43:10 Bodkin Arrow
43:42 Cavalier
44:58 Plate Barding Armor
46:42 Paladin
52:13 Bracer
59:29 Ballistics
Not enough wood, Milord
6:36 Loom
7:15 Loom
10:07 Feudal Age
10:44 Double-Bit Axe
16:14 Fletching
24:07 Castle Age
23:07 Gold Mining
23:04 Horse Collar
24:19 Padded Archer Armor
24:11 Crossbowman
25:27 Bodkin Arrow
28:41 Leather Archer Armor
29:14 Thumb Ring
28:38 Elite Skirmisher
31:38 Ballistics
32:52 Bow Saw
35:47 Heavy Plow
36:00 Stone Mining
38:19 Wheelbarrow
39:19 Hand Cart
43:12 Imperial Age
43:13 Arbalester
45:22 Chemistry
44:31 Bracer
45:01 Ring Archer Armor
46:17 Ring Archer Armor
46:34 Conscription
46:55 Town Watch
48:51 Gold Shaft Mining
48:51 Stone Shaft Mining
Connection lost

Rejoining the realm…

Still unreachable

The connection could not be restored.

Session expired

The server has moved on; the page needs a fresh start.